TOP OF THE 1ST |
Montana Pandas batting - Pitching for Buckhead Bowties : LHP António Castillo
|
Pitching: LHP António Castillo
|
|
Batting: RHB Pau Arria
|
0-0: Swinging Strike 0-1: Ball 1-1: Called Strike 1-2: Ground out 6-3 (Groundball, 6)
|
Batting: LHB Chris McKinney
|
0-0: Called Strike 0-1: Foul Ball, location: 2F 0-2: Foul Ball, location: 2F 0-2: Ball 1-2: Ball 2-2: Strikes out looking
|
Batting: LHB José León
|
0-0: Ball 1-0: Called Strike 1-1: Ball 2-1: Called Strike 2-2: SINGLE (Line Drive, 89S)
|
Batting: LHB José Ruíz
|
0-0: Ball 1-0: Foul Ball, location: 2F 1-1: Ball 2-1: Ground out 4-3 (Groundball, 4)
|
Top of the 1st over - 0 runs, 1 hit, 0 errors, 1 left on base; Montana 0 - Buckhead 0 |
BOTTOM OF THE 1ST |
Buckhead Bowties batting - Pitching for Montana Pandas : LHP Rust Cohle
|
Pitching: LHP Rust Cohle
|
|
Batting: LHB José Valéncia
|
0-0: Ground out U3 (Groundball, 34)
|
Batting: LHB Gregg Young
|
0-0: Called Strike 0-1: Fly out, F9 (Flyball, 9S)
|
Batting: RHB Richard Jost
|
0-0: Fly out, F8 (Flyball, 89D)
|
Bottom of the 1st over - 0 runs, 0 hits, 0 errors, 0 left on base; Montana 0 - Buckhead 0 |
TOP OF THE 2ND |
Montana Pandas batting - Pitching for Buckhead Bowties : LHP António Castillo
|
Batting: RHB John MacGregor
|
0-0: Ball 1-0: Called Strike 1-1: Foul Ball, location: 2F 1-2: Fly out, F7 (Flyball, 7D)
|
Batting: LHB Francisco Ornelas
|
0-0: Called Strike 0-1: Fly out, F9 (Line Drive, 9)
|
Batting: RHB Chris Costa
|
0-0: Called Strike 0-1: Fly out, F8 (Flyball, 8LXD)
|
Top of the 2nd over - 0 runs, 0 hits, 0 errors, 0 left on base; Montana 0 - Buckhead 0 |
BOTTOM OF THE 2ND |
Buckhead Bowties batting - Pitching for Montana Pandas : LHP Rust Cohle
|
Batting: RHB Vojtech Farkas
|
0-0: Ball 1-0: Fly out, F7 (Flyball, 7)
|
Batting: RHB Freddy Carea
|
0-0: Ball 1-0: Swinging Strike 1-1: Ball 2-1: Ground out 5-3 (Groundball, 56S)
|
Batting: RHB Todd Sentell
|
0-0: Foul Ball, location: 2F 0-1: Ball 1-1: Ground out 6-3 (Groundball, 6)
|
Bottom of the 2nd over - 0 runs, 0 hits, 0 errors, 0 left on base; Montana 0 - Buckhead 0 |
TOP OF THE 3RD |
Montana Pandas batting - Pitching for Buckhead Bowties : LHP António Castillo
|
Batting: LHB Roberto Fierro
|
0-0: Ball 1-0: Called Strike 1-1: Ball 2-1: Ground out U3 (Groundball, 34)
|
Batting: RHB Phil Sherman
|
0-0: Ball 1-0: DOUBLE (Flyball, 8LXD)
|
Batting: RHB Pau Arria
|
0-0: Ball 1-0: Called Strike 1-1: Fly out, F9 (Flyball, 9LMF)
|
Batting: LHB Chris McKinney
|
0-0: Ball 1-0: Foul Ball, location: 2F 1-1: Ball 2-1: Ball 3-1: Base on Balls
|
Batting: LHB José León
|
0-0: SINGLE (Line Drive, 78S) Phil Sherman to third Chris McKinney to second
|
Batting: LHB José Ruíz
|
0-0: Called Strike 0-1: Ball 1-1: Fly out, F8 (Flyball, 8LS)
|
Top of the 3rd over - 0 runs, 2 hits, 0 errors, 3 left on base; Montana 0 - Buckhead 0 |
BOTTOM OF THE 3RD |
Buckhead Bowties batting - Pitching for Montana Pandas : LHP Rust Cohle
|
Batting: RHB Al Thomas
|
0-0: Ball 1-0: Called Strike 1-1: Ground out 6-3 (Groundball, 6)
|
Batting: RHB Ricardo Cardenas
|
0-0: Ground out 6-3 (Groundball, 6)
|
Batting: RHB Mesa Altuve
|
0-0: Ball 1-0: Foul Ball, location: 2F 1-1: Swinging Strike 1-2: Ball 2-2: Fly out, F6 (Popup, 6MD)
|
Bottom of the 3rd over - 0 runs, 0 hits, 0 errors, 0 left on base; Montana 0 - Buckhead 0 |
TOP OF THE 4TH |
Montana Pandas batting - Pitching for Buckhead Bowties : LHP António Castillo
|
Batting: RHB John MacGregor
|
0-0: Called Strike 0-1: Foul Ball, location: 2F 0-2: Foul Ball, location: 2F 0-2: Ball 1-2: SINGLE (Groundball, 56D)
|
Batting: LHB Francisco Ornelas
|
0-0: Fly out, F6 (Line Drive, 56D)
|
Batting: RHB Chris Costa
|
0-0: Called Strike 0-1: Foul Ball, location: 2F 0-2: Strikes out swinging
|
Batting: LHB Roberto Fierro
|
0-0: Called Strike 0-1: Foul Ball, location: 2F 0-2: Strikes out swinging
|
Top of the 4th over - 0 runs, 1 hit, 0 errors, 1 left on base; Montana 0 - Buckhead 0 |
BOTTOM OF THE 4TH |
Buckhead Bowties batting - Pitching for Montana Pandas : LHP Rust Cohle
|
Batting: LHB José Valéncia
|
0-0: Ball 1-0: Ground out 4-3 (Groundball, 34D)
|
Batting: LHB Gregg Young
|
0-0: Called Strike 0-1: Called Strike 0-2: Ball 1-2: Fly out, F9 (Flyball, 9S)
|
Batting: RHB Richard Jost
|
0-0: Ball 1-0: Foul Ball, location: 2F 1-1: Called Strike 1-2: Strikes out swinging, 2-3 out at first.
|
Bottom of the 4th over - 0 runs, 0 hits, 0 errors, 0 left on base; Montana 0 - Buckhead 0 |
TOP OF THE 5TH |
Montana Pandas batting - Pitching for Buckhead Bowties : LHP António Castillo
|
Batting: RHB Phil Sherman
|
0-0: Called Strike 0-1: Foul Ball, location: 2F 0-2: Ball 1-2: Ground out 6-3 (Groundball, 6)
|
Batting: RHB Pau Arria
|
0-0: Fly out, F7 (Flyball, 7)
|
Batting: LHB Chris McKinney
|
0-0: Foul Ball, location: 2F 0-1: Ball 1-1: Fly out, F6 (Line Drive, 4MD)
|
Top of the 5th over - 0 runs, 0 hits, 0 errors, 0 left on base; Montana 0 - Buckhead 0 |
BOTTOM OF THE 5TH |
Buckhead Bowties batting - Pitching for Montana Pandas : LHP Rust Cohle
|
Batting: RHB Vojtech Farkas
|
0-0: Called Strike 0-1: SINGLE (Flyball, 7S)
|
Batting: RHB Freddy Carea
|
0-0: Ball 1-0: Ball 2-0: Called Strike 2-1: Foul Ball, location: 2F 2-2: Ball 3-2: Fly out, F9 (Line Drive, 9)
|
Batting: RHB Todd Sentell
|
0-0: Ball 1-0: 2-RUN HOME RUN (Flyball, 7D), Distance : 412 ft
|
Batting: RHB Al Thomas
|
0-0: Swinging Strike 0-1: Ground out 6-3 (Groundball, 6)
|
Batting: RHB Ricardo Cardenas
|
0-0: Called Strike 0-1: Called Strike 0-2: Ball 1-2: Strikes out swinging
|
Bottom of the 5th over - 2 runs, 2 hits, 0 errors, 0 left on base; Montana 0 - Buckhead 2 |
TOP OF THE 6TH |
Montana Pandas batting - Pitching for Buckhead Bowties : LHP António Castillo
|
Batting: LHB José León
|
0-0: Called Strike 0-1: Ball 1-1: Fly out, F4 (Popup, 4M)
|
Batting: LHB José Ruíz
|
0-0: Swinging Strike 0-1: Foul Ball, location: 2F 0-2: Foul Ball, location: 2F 0-2: Fly out, F4 (Line Drive, 4MD)
|
Batting: RHB John MacGregor
|
0-0: Ball 1-0: Foul Ball, location: 2F 1-1: Ball 2-1: Ball 3-1: Foul Ball, location: 2F 3-2: Strikes out looking
|
Top of the 6th over - 0 runs, 0 hits, 0 errors, 0 left on base; Montana 0 - Buckhead 2 |
BOTTOM OF THE 6TH |
Buckhead Bowties batting - Pitching for Montana Pandas : LHP Rust Cohle
|
Batting: RHB Mesa Altuve
|
0-0: Called Strike 0-1: Ball 1-1: Ground out 5-3 (Groundball, 5)
|
Batting: LHB José Valéncia
|
0-0: Ball 1-0: Foul Ball, location: 2F 1-1: Ball 2-1: Foul Ball, location: 2F 2-2: Ground out 4-3 (Groundball, 34)
|
Batting: LHB Gregg Young
|
0-0: Ball 1-0: Foul Ball, location: 2F 1-1: Ball 2-1: Fly out, F8 (Line Drive, 8RM)
|
Bottom of the 6th over - 0 runs, 0 hits, 0 errors, 0 left on base; Montana 0 - Buckhead 2 |
TOP OF THE 7TH |
Montana Pandas batting - Pitching for Buckhead Bowties : LHP António Castillo
|
Batting: LHB Francisco Ornelas
|
0-0: Called Strike 0-1: Called Strike 0-2: Foul Ball, location: 2F 0-2: Fly out, F7 (Flyball, 78S)
|
Pitching: RHP Kyle Buckman
|
|
Batting: RHB Chris Costa
|
0-0: Foul Ball, location: 2F 0-1: Swinging Strike 0-2: Ball 1-2: Ball 2-2: Ball 3-2: Base on Balls
|
Batting: LHB Roberto Fierro
|
0-0: Foul Ball, location: 2F 0-1: Ball 1-1: Called Strike 1-2: Strikes out swinging
|
Batting: RHB Phil Sherman
|
0-0: Ball 1-0: Ball 2-0: Ball 3-0: Base on Balls Chris Costa to second
|
Pinch Hitting: LHB Ned Durand
|
0-0: Reached on error, E6 (Groundball, 6) Chris Costa to third Phil Sherman to second
|
Batting: LHB Chris McKinney
|
0-0: Foul Ball, location: 2F 0-1: Swinging Strike 0-2: Ball 1-2: Strikes out swinging
|
Top of the 7th over - 0 runs, 0 hits, 1 error, 3 left on base; Montana 0 - Buckhead 2 |
BOTTOM OF THE 7TH |
Buckhead Bowties batting - Pitching for Montana Pandas : LHP Rust Cohle
|
Now at SS: Enrique Ortega
|
|
Batting: RHB Richard Jost
|
0-0: Fly out, F9 (Flyball, 89M)
|
Batting: RHB Vojtech Farkas
|
0-0: Ground out U3 (Groundball, 3)
|
Batting: RHB Freddy Carea
|
0-0: Called Strike 0-1: SINGLE (Flyball, 7S)
|
Pitching: RHP Raúl Luna
|
|
Batting: RHB Todd Sentell
|
0-0: Called Strike 0-1: Foul Ball, location: 2F 0-2: Ball 1-2: Ball 2-2: Ball 3-2: Foul Ball, location: 2F 3-2: Strikes out swinging
|
Bottom of the 7th over - 0 runs, 1 hit, 0 errors, 1 left on base; Montana 0 - Buckhead 2 |
TOP OF THE 8TH |
Montana Pandas batting - Pitching for Buckhead Bowties : RHP Kyle Buckman
|
Batting: LHB José León
|
0-0: Ball 1-0: Fly out, F9 (Flyball, 9)
|
Batting: LHB José Ruíz
|
0-0: Ball 1-0: Fly out, F7 (Flyball, 7LMF)
|
Batting: RHB John MacGregor
|
0-0: Ball 1-0: Ground out 6-3 (Groundball, 6S)
|
Top of the 8th over - 0 runs, 0 hits, 0 errors, 0 left on base; Montana 0 - Buckhead 2 |
BOTTOM OF THE 8TH |
Buckhead Bowties batting - Pitching for Montana Pandas : RHP Raúl Luna
|
Batting: RHB Al Thomas
|
0-0: Foul Ball, location: 2F 0-1: Called Strike 0-2: Ground out 4-3 (Groundball, 34)
|
Batting: RHB Ricardo Cardenas
|
0-0: Foul Ball, location: 2F 0-1: Swinging Strike 0-2: Ball 1-2: Strikes out swinging
|
Batting: RHB Mesa Altuve
|
0-0: Ball 1-0: Called Strike 1-1: Ball 2-1: Ball 3-1: Called Strike 3-2: Base on Balls
|
Batting: LHB José Valéncia
|
0-0: Ball 1-0: Called Strike 1-1: Called Strike 1-2: Fly out, F8 (Flyball, 8RS)
|
Bottom of the 8th over - 0 runs, 0 hits, 0 errors, 1 left on base; Montana 0 - Buckhead 2 |
TOP OF THE 9TH |
Montana Pandas batting - Pitching for Buckhead Bowties : RHP Kyle Buckman
|
Batting: LHB Francisco Ornelas
|
0-0: Ball 1-0: Foul Ball, location: 2F 1-1: Foul Ball, location: 2F 1-2: Ball 2-2: Foul Ball, location: 2F 2-2: Foul Ball, location: 2F 2-2: Ball 3-2: Foul Ball, location: 2F 3-2: Base on Balls
|
Pitching: LHP Ramón Torres
|
|
Batting: RHB Chris Costa
|
0-0: Ball 1-0: Ball 2-0: Swinging Strike 2-1: Ball 3-1: Base on Balls Francisco Ornelas to second
|
Pinch Hitting: RHB Russell Jackson
|
0-0: Called Strike 0-1: Ball 1-1: Grounds into double play, 3-6-3 (Groundball, 3) Francisco Ornelas to third
|
Batting: RHB Phil Sherman
|
0-0: Ball 1-0: Called Strike 1-1: Called Strike 1-2: Ball 2-2: Strikes out swinging
|
Top of the 9th over - 0 runs, 0 hits, 0 errors, 1 left on base; Montana 0 - Buckhead 2 |
|